cohdb
Replays
Latest Replays
All Replays
Popular Replays
Top Player Replays
Match Explorer
How It Works
Community
CoH3 Stats
Reddit
Sign in to upload your games and track your stats! →
Sign in with Steam
Match 41789401
Unlisted
Match 41789401
Overview
Messages
Build Orders
End
Kradschützen Motorcycle Team
Selects Italian Combined Arms Battlegroup
Selects Bersaglieri Squad
Bersaglieri Squad
Bersaglieri Squad
Construct Light Support Kompanie
Selects Bersaglieri Bolster
Bersaglieri Squad
Panzerjäger Squad
Construct Mechanized Kompanie
2.5-tonne Medical Truck
Selects Breda Model 30 Light Machine Guns
Support Armor Elements
StuG III D Assault Gun
Pak 38 Mechanized Group
Bersaglieri Squad
Selects Semovente da 75/18 Assault Gun
Selects Carro Armato M13/40 Light Tank
Carro Armato M13/40 Light Tank
Carro Armato M13/40 Light Tank
Selects Pact of Steel
Semovente da 75/18 Assault Gun
deadsadbadmad
_
0
0
Comments
sign in to comment!
No comments posted yet!